 Seeded DCSS version 0.29.1-4-g47bece8355 (webtiles) character file.

Game seed: 15482173601955151116 (custom seed)

237 kingsuperguy the Covered (level 5, -6/48 HPs)
             Began as a Minotaur Fighter on Dec 8, 2022.
             Mangled by an orc priest
             ... wielding a +0 trident
              (7 damage)
             ... on level 4 of the Dungeon.
             The game lasted 00:03:37 (3070 turns).

kingsuperguy the Covered (Minotaur Fighter)         Turns: 3070, Time: 00:03:38

Health: -6/48      AC:  7    Str: 20    XL:     5   Next: 77%
Magic:  4/4        EV:  9    Int:  5    God:
Gold:   120        SH:  5    Dex: 12    Spells: 4/4 levels left

rFire   . . .      SeeInvis .   a - +0 war axe
rCold   . . .      Faith    .   c - +0 buckler
rNeg    . . .      Spirit   .   b - +0 scale mail
rPois   .          Reflect  .   (helmet restricted)
rElec   .          Harm     .   (no cloak)
rCorr   .          Rampage  .   (no gloves)
Will    .....                   (no boots)
Stlth   ..........              (no amulet)
HPRegen 0.16/turn               (no ring)
MPRegen 0.09/turn               (no ring)

@: mighty
A: horns 2, retaliatory headbutt
a: no special abilities


You were on level 4 of the Dungeon.
You visited 1 branch of the dungeon, and saw 4 of its levels.

You collected 120 gold pieces.

Inventory:

Hand Weapons
 a - a +0 war axe (weapon)
Missiles
 n - 5 javelins (quivered)
Armour
 b - a +0 scale mail (worn)
 c - a +0 buckler (worn)
Jewellery
 f - a +6 ring of intelligence
 i - a ring of fire
 l - an amulet of the acrobat
 m - a +6 ring of intelligence
Wands
 p - a wand of charming (11)
Scrolls
 e - 2 scrolls of identify {unknown}
 g - a scroll of enchant weapon {unknown}
 q - a scroll of teleportation {unknown}
Potions
 d - a potion of might
 j - a potion of magic {unknown}
 k - a potion of haste {unknown}
 o - a potion of brilliance {unknown}
 r - a potion of degeneration {unknown}


   Skills:
 + Level 5.0 Fighting
 + Level 4.1 Axes
 + Level 5.1 Armour
 + Level 5.0 Shields


You had 4 spell levels left.
You didn't know any spells.
Your spell library contained the following spells:

 Spells                   Type           Power      Damage    Failure   Level
 Ozocubu's Armour         Ice            0%         N/A       99%         3
 Stone Arrow              Conj/Erth      0%         3d7       99%         3
 Animate Armour           Summ/Erth      0%         N/A       100%        4
 Ozocubu's Refrigeration  Ice            0%         4d7       100%        7
 Lehudib's Crystal Spear  Conj/Erth      0%         10d2      100%        8


Dungeon Overview and Level Annotations

Branches:
Dungeon (4/15)
 Temple: D:4-7

Altars:
Trog


Innate Abilities, Weirdness & Mutations

You have a pair of horns on your head.
You reflexively headbutt those who attack you in melee.


Message History

The orc priest hits you but does no damage.
You block something's attack.
You feel better.
The orc priest hits you from afar with a +0 trident.
Something hits you but does no damage.
You feel very mighty all of a sudden. The orc wizard closely misses you.
The orc priest hits you from afar with a +0 trident.
Something hits you.
You slash the orc wizard! You headbutt the orc wizard!
You kill the orc wizard!
You miss something. You block the orc priest's attack. Something hits you.
Your Fighting skill increases to level 5!
Your Axes skill increases to level 4!
Your Armour skill increases to level 5!
You closely miss something.
The orc priest hits you from afar with a +0 trident.
Something hits you but does no damage.
You barely miss something. Your headbutt misses something.
The orc priest hits you from afar with a +0 trident.
* * * LOW HITPOINT WARNING * * *
Something hits you.
* * * LOW HITPOINT WARNING * * *
The orc priest hits you but does no damage.
Something hits you but does no damage.
You miss something. You block the orc priest's attack. Something hits you.
* * * LOW HITPOINT WARNING * * *
You slash something!
Reactivating autopickup.
You feel a bit more experienced.
The orc priest hits you but does no damage.
Your Shields skill increases to level 5!
The orc priest hits you with a +0 trident.
* * * LOW HITPOINT WARNING * * *
Things that are here:
a +0 dagger; a +0 robe; 2 potions of curing You barely miss the orc priest.
The orc priest hits you with a +0 trident.
* * * LOW HITPOINT WARNING * * *
The orc priest hits you with a +0 trident!
You die...

## #.# .. .# #.# .#...
.# #.# .#.. .# #.# ... .
.# #.########.###'# .#
#.............># .#
#.#............#
.########.#.....)......#
.......#..#.....@o.....#
.......#..#........)...#
.......#..########'###.#
.###...#..# .# .#
#...#..# . .#
#......####### .. .#
#............. .. .#
#............. ...
#.##..........


You could see an orc priest.

Vanquished Creatures
  2 orc priests (D:3)
  2 orc wizards (D:4)
  6 adders
  A worm (D:2)
  2 dart slugs
  4 orcs
  6 bats
  2 giant cockroaches
  4 hobgoblins
  6 jackals
  A quokka (D:4)
  5 ball pythons
  4 frilled lizards (D:1)
  8 goblins
  10 kobolds
  8 rats
71 creatures vanquished.

Notes
Turn   | Place    | Note
-------+----------+-------------------------------------------
     0 | D:1      | kingsuperguy the Minotaur Fighter began the quest for the
                  | Orb.
     0 | D:1      | Reached XP level 1. HP: 19/19 MP: 0/0
   169 | D:1      | Reached XP level 2. HP: 27/27 MP: 1/1
   859 | D:2      | Reached XP level 3. HP: 33/33 MP: 2/2
  1056 | D:2      | Found a faded altar of an unknown god.
  1753 | D:3      | Reached XP level 4. HP: 31/41 MP: 3/3
  1911 | D:3      | HP: 2/41 [orc priest/nerve-wracking pain (3)]
  1922 | D:3      | Reached XP level 5. HP: 10/47 MP: 4/4
  2309 | D:3      | Found a bloodstained altar of Trog.
  3065 | D:4      | Reached skill level 5 in Fighting
  3065 | D:4      | Reached skill level 5 in Armour
  3069 | D:4      | Reached skill level 5 in Shields
  3070 | D:4      | HP: 1/48 [orc priest/+0 trident (3)]
  3070 | D:4      | Mangled by an orc priest

Illustrated notes

Levels and vault maps discovered:
D:1:      sevenhm_arrival_forest_fort_small_3, layout_basic
D:2:      layout_loops_cross, serial_forest, infiniplex_forest_end_3,
          infiniplex_forest_clump_small, infiniplex_forest_lined_2,
          infiniplex_forest_end_1, infiniplex_forest_lined_corner,
          nicolae_ecumenical_pavilion
D:3:      layout_basic, trog_book, hangedman_glass_teeth
D:4:      layout_basic, kennysheep_mini, minitemple

Skill      XL: |  1  2  3  4  5 |
---------------+----------------+-----
Armour         | 4 5 |  5.1
Fighting       | 4 5 |  5.0
Shields        | 4 5 |  5.0
Axes           | 3 4 |  4.1

Action                   |  1- 3 |  4- 6 || total
-------------------------+-------+-------++-------
Melee: War axe           |    83 |    78 ||   161
       Headbutt          |    12 |     7 ||    19
  Use: Potion            |       |     6 ||     6
       Scroll            |       |     1 ||     1
Armor: Scale mail        |    53 |    47 ||   100
Dodge: Dodged            |    34 |    45 ||    79
Block: Buckler           |    23 |    21 ||    44
